 Dungeon Crawl Stone Soup version 0.13.1-2-gfb2c2b7 (webtiles) character file.

125 Lilouch the Poker (level 3, -1/28 HPs)
             Began as a Demonspawn Chaos Knight on Dec 11, 2013.
             Was a Plaything of Xom.
             Slain by a hound (2 damage)
             ... on Level 2 of the Dungeon.
             The game lasted 00:01:54 (695 turns).

Lilouch the Poker (Demonspawn Chaos Knight)          Turns: 695, Time: 00:01:55

HP  -1/28        AC  5     Str 13      XL: 3   Next:  3%
MP   3/3         EV 10     Int 13      God: Xom
Gold 95          SH  0     Dex 11 (12) Spells:  0 memorised,  2 levels left

Res.Fire  : . . .   See Invis. : .   k - +1,-2 elf spear (curse)
Res.Cold  : . . .   Warding    : .   b - +2 leather armour
Life Prot.: . . .   Conserve   : .   (no shield)
Res.Poison: .       Res.Corr.  : .   (no helmet)
Res.Elec. : .       Clarity    : .   (no cloak)
Sust.Abil.: . .     Spirit.Shd : .   (no gloves)
Res.Mut.  : .       Stasis     : .   (no boots)
Res.Rott. : .       Flight     : .   (no amulet)
Saprovore : . . .                    (no ring)
                                     (no ring)

@: not resistant to hostile enchantments, fairly stealthy
A: nightstalker 1
a: Renounce Religion


You were on level 2 of the Dungeon.
You worshipped Xom.
You were a special plaything of Xom.
You were not hungry.

You visited 1 branch of the dungeon, and saw 2 of its levels.

You collected 75 gold pieces.

Inventory:

Hand weapons
 a - a +0,+0 spear of chaos {=f}
 k - a cursed +1,-2 elven spear (weapon)
Missiles
 d - a javelin (quivered)
Armour
 b - a +2 leather armour (worn)
 l - a +0 helmet
Comestibles
 c - 2 bread rations
 f - 2 rotting chunks of jackal flesh
 g - a meat ration
 i - a chunk of ball python flesh
 j - a chunk of adder flesh
Scrolls
 e - a scroll of curse weapon {unknown}
 h - a scroll of remove curse {unknown}


   Skills:
 - Level 3.0 Fighting
 + Level 3.4 Polearms
 + Level 2.4 Armour
 - Level 0.8 Dodging


You had 2 spell levels left.
You didn't know any spells.

Dungeon Overview and Level Annotations

Branches:
Dungeon (2/27)

Altars:


Innate Abilities, Weirdness & Mutations

You are slightly more attuned to the shadows.


Message History

Aim: a hound (heavily wounded, bleeding)
You throw a javelin. The javelin hits the hound.
The hound is severely wounded.
The hound completely misses you.
Throwing (i - inventory. (,) - cycle):
d - 3 javelins (quivered)
Press: ? - help, Shift-Dir - straight line, f/p - hound
Aim: a hound (severely wounded, bleeding)
You throw a javelin. The javelin misses the hound.
The javelin hits the kobold.
You kill the kobold!
The hound barely misses you. The hound bites you.
* * * LOW HITPOINT WARNING * * *
Throwing (i - inventory. (,) - cycle):
d - 2 javelins (quivered)
Press: ? - help, Shift-Dir - straight line, f/p - hound
Aim: a hound (severely wounded, bleeding)
You throw a javelin. The javelin misses the hound.
The hound barely misses you.
You are too injured to fight recklessly!
You hit the hound but do no damage.
The hound is severely wounded.
The hound bites you.
You die...

#....#### #.# #...%##..
... #....##.# #.#
#....##.# #.# #....##.#
#.# #####....##.####.#
................$#
###########.####.#######
#.%...@.......
######h######. #(# #.#
#.# #.# #.# #(#


You could see a hound (bleeding).

Vanquished Creatures
  An adder (D:2)
  A giant gecko (D:1)
  A ball python (D:2)
  3 hobgoblins
  6 jackals (D:1)
  A bat (D:1)
  A giant cockroach (D:1)
  A giant newt (D:2)
  4 kobolds
  4 rats
23 creatures vanquished.

Notes
Turn   | Place    | Note
--------------------------------------------------------------
     0 | D:1      | Lilouch, the Demonspawn Chaos Knight, began the quest for the Orb.
     0 | D:1      | Reached XP level 1. HP: 16/16 MP: 1/1
   163 | D:1      | XOM: harmless Hex miscast
   256 | D:1      | XOM: cast spell 'Flight'
   359 | D:1      | Gained mutation: You are slightly more attuned to the shadows. [demonic ancestry]
   359 | D:1      | Reached XP level 2. HP: 17/22 MP: 2/2
   460 | D:1      | XOM: summons 2 hostile shadow creatures
   491 | D:1      | XOM: enchant monster (bad)
   540 | D:1      | XOM: mild Tloc miscast
   595 | D:1      | You fall through a shaft!
   652 | D:2      | XOM: 1-stop teleportation journey
   671 | D:2      | Reached XP level 3. HP: 22/28 MP: 3/3
   677 | D:2      | XOM: stat loss: -1 Dex (11/12)
   693 | D:2      | HP: 1/28 [hound (3)]
   695 | D:2      | Slain by a hound

Action                   || total
-------------------------++-------
Melee: Spear             ||    87
Throw: Javelin           ||     4
 Stab: Sleeping          ||     1
